 Dungeon Crawl Stone Soup version 0.19.1-1-g22dce08 (webtiles) character file.

301 Alarkh the Chopper (level 6, -2/51 HPs)
             Began as a Demonspawn Monk on Jan 11, 2017.
             Slain by a gnoll
             ... wielding a +0 whip
              (9 damage)
             ... on level 3 of the Dungeon.
             The game lasted 00:03:32 (2480 turns).

Alarkh the Chopper (Demonspawn Monk)                Turns: 2480, Time: 00:03:33

Health: -2/51      AC:  7    Str: 11    XL:     6   Next: 14%
Magic:  6/6        EV: 13    Int: 13    God:
Gold:   114        SH:  0    Dex: 22    Spells: 0 memorised, 5 levels left

rFire  . . .     SeeInvis .     a - +0 hand axe
rCold  . . .     Gourm    .     f - +3 leather armour
rNeg   . . .     Faith    .     (no shield)
rPois  .         Spirit   .     (no helmet)
rElec  .         Reflect  .     (no cloak)
rCorr  .         Harm     .     v - +0 pair of gloves
MR     .....                    (no boots)
Stlth  +++.......               (no amulet)
                                t - ring of stealth
                                k - +6 ring of dexterity

@: exhausted, slowed, very slow
A: claws 2, robust 1, sturdy frame 2
a: no special abilities


You were on level 3 of the Dungeon.
You were not hungry.

You visited 1 branch of the dungeon, and saw 3 of its levels.

You collected 114 gold pieces.

Inventory:

Hand Weapons
 a - a +0 hand axe (weapon)
Armour
 b - a +0 robe
 f - a +3 leather armour (worn)
 v - a +0 pair of gloves (worn)
Magical Staves
 n - an uncursed staff of cold
Jewellery
 k - a +6 ring of dexterity (left hand)
 t - a ring of stealth (right hand)
Scrolls
 e - 2 scrolls of identify
 h - a scroll of magic mapping {unknown}
 j - a scroll of enchant weapon {unknown}
 m - a scroll of blinking {unknown}
 u - a scroll of noise {unknown}
 w - a scroll of immolation {unknown}
Potions
 d - a potion of might
 g - a potion of beneficial mutation
 i - a potion of ambrosia {unknown}
 p - a potion of resistance {unknown}
 s - a potion of berserk rage
Comestibles
 c - 2 bread rations
 l - a meat ration
 o - 5 fruits
 r - 10 chunks of flesh


   Skills:
 - Level 3.0 Fighting
 + Level 6.3 Axes
 - Level 2.6 Dodging
 - Level 1.7 Stealth


You had 5 spell levels left.
You didn't know any spells.

Dungeon Overview and Level Annotations

Branches:
Dungeon (3/15)

Altars:

Annotations:
D:2 1 exclusion


Innate Abilities, Weirdness & Mutations

You have very sharp fingernails.
Your movements are less encumbered by armour. (ER -4)
You are robust. (+10% HP)


Message History

Reactivating autopickup.
Your Axes skill increases to level 6!
You have reached level 6!
Your experience leads to an increase in your attributes!
Your base attributes are Str 11, Int 12, Dex 16.
Increase (S)trength, (I)ntelligence, or (D)exterity?
You feel clever.
Your demonic ancestry asserts itself...
Your fingernails sharpen.
You feel a bit more experienced. The rat closely misses you.
You barely miss the rat. The rat closely misses you.
You closely miss the rat. The rat bites you but does no damage.
The rat closely misses you.
You hit the rat.
You kill the rat!
You hit the gnoll.
The gnoll is lightly wounded.
The gnoll hits you with a whip.
* * * LOW HITPOINT WARNING * * *
The gnoll hits you with a whip!
You die...

#.........#
##...###.r########
.........g##.g.g.g
.........g##.#####
.........g##g#####
.#####.#...#............
......###...........#.##
.......#gg.......#..# #
#.@##.#.....#..#
########.###.#.....#).#
#.........##
#######..#.##
#.######..# ....... #)#
#..# ..##### #<# #..# .#
#)# #..# #.# #..# #.#
...#


You could see 2 gnolls.

Vanquished Creatures
  Sigmund (D:3)
  4 adders
  A gnoll (D:3)
  2 worms (D:2)
  A dart slug (D:2)
  3 leopard geckos
  10 orcs
  5 giant cockroaches
  5 goblins
  6 hobgoblins
  4 jackals (D:3)
  14 kobolds
  A quokka (D:3)
  A ball python (D:3)
  6 bats
  4 frilled lizards
  7 rats
75 creatures vanquished.

Notes
Turn   | Place    | Note
-------+----------+-------------------------------------------
     0 | D:1      | Alarkh the Demonspawn Monk began the quest for the Orb.
     0 | D:1      | Reached XP level 1. HP: 18/18 MP: 1/1
   185 | D:1      | Reached skill level 3 in Axes
   252 | D:1      | Gained mutation: Your movements are slightly less encumbered by armour. (ER -2) [demonic ancestry]
   252 | D:1      | Reached XP level 2. HP: 20/24 MP: 2/2
   957 | D:2      | Reached XP level 3. HP: 29/29 MP: 3/3
  1015 | D:2      | Reached skill level 4 in Axes
  1233 | D:2      | Gained mutation: Your movements are less encumbered by armour. (ER -4) [demonic ancestry]
  1233 | D:2      | Reached XP level 4. HP: 20/35 MP: 4/4
  1905 | D:3      | Reached skill level 5 in Axes
  1914 | D:3      | Gained mutation: You are robust. (+10% HP) [potion of beneficial mutation]
  2460 | D:3      | Noticed Sigmund
  2468 | D:3      | Gained mutation: You have sharp fingernails. [demonic ancestry]
  2468 | D:3      | Reached XP level 5. HP: 29/45 MP: 5/5
  2476 | D:3      | Killed Sigmund
  2476 | D:3      | Reached skill level 6 in Axes
  2476 | D:3      | Gained mutation: You have very sharp fingernails. [demonic ancestry]
  2476 | D:3      | Reached XP level 6. HP: 7/51 MP: 6/6
  2480 | D:3      | Slain by a gnoll

Skill      XL: |  1  2  3  4  5 |
---------------+----------------+-----
Axes           | 3 4 5 6 |  6.3
Fighting       | |  3.0
Dodging        | |  2.6
Stealth        | |  1.7

Action                   |  1- 3 |  4- 6 || total
-------------------------+-------+-------++-------
Melee: Hand axe          |   122 |   126 ||   248
  Use: Potion            |     2 |     3 ||     5
       Scroll            |       |     1 ||     1
 Stab: Sleeping          |     6 |     9 ||    15
  Eat: Chunk             |     1 |     4 ||     5
Armor: Robe              |    12 |       ||    12
       Leather armour    |    11 |    52 ||    63
Dodge: Dodged            |    79 |   112 ||   191
